 Dungeon Crawl Stone Soup version 0.14.0-26-g1682e81 (webtiles) character file.

20945 aphidlicker the Bludgeoner (level 12, -34/111 HPs)
             Began as a Minotaur Fighter on Apr 26, 2014.
             Was a High Priest of Makhleb.
             Killed from afar by a frost giant (45 damage)
             ... with a bolt of cold
             ... in an ice cave.
             The game lasted 00:58:02 (8105 turns).

aphidlicker the Bludgeoner (Minotaur Fighter)       Turns: 8105, Time: 00:58:02

HP -34/111       AC 23     Str 31      XL: 12   Next: 43%
MP   5/5         EV  8     Int  5      God: Makhleb [*****.]
Gold 779         SH  0     Dex 12 (15) Spells:  0 memorised, 11 levels left

rFire  + . .     SeeInvis .     j - +2,+4 great mace (crush)
rCold  . . .     Clarity  .     G - +1 plate armour
rNeg   . . .     Conserve .     (no shield)
rPois  .         rCorr    .     (helmet restricted)
rElec  .         rRot     .     H - +1 cloak
SustAb . .       Spirit   .     g - +1 pair of gloves
rMut   .         Warding  .     s - +1 pair of boots
Saprov . . .     Stasis   .     (no amulet)
MR     .....                    k - +5 ring of strength
                                i - +5,+6 ring of slaying {unknown}

@: invisible, mighty, very slightly contaminated, not resistant to hostile
enchantments, extremely unstealthy
A: retaliatory headbutt, horns 2, fire resistance 1
a: Minor Destruction, Lesser Servant of Makhleb, Major Destruction, Greater
Servant of Makhleb, Renounce Religion


You were in an ice cave.
You worshipped Makhleb.
Makhleb was extremely pleased with you.
You were not hungry.

You visited 2 branches of the dungeon, and saw 11 of its levels.
You also visited: Ice Cave.

You collected 779 gold pieces.

Inventory:

Hand weapons
 j - a +2,+4 great mace of crushing (weapon)
 r - a +2,+1 mace
Armour
 c - a +1 shield
 g - a +1 pair of gloves (worn)
 s - a +1 pair of boots (worn)
 G - a +1 plate armour (worn)
 H - a +1 cloak (worn)
Magical devices
 y - a wand of paralysis (18) {unknown}
 A - a wand of polymorph (7) {unknown}
 D - a wand of teleportation (1) {unknown}
 R - a wand of polymorph (7) {unknown}
Comestibles
 b - 2 chunks of yak flesh
 d - 9 bread rations
 h - 3 meat rations
 q - 2 rotting chunks of wolf flesh
 w - 3 rotting chunks of wolf flesh
 S - an apple
Scrolls
 l - 2 scrolls of teleportation
 o - a scroll of identify
 I - 5 scrolls of remove curse
Jewellery
 i - a +5,+6 ring of slaying (left hand) {unknown}
 k - a +5 ring of strength (right hand)
 P - an uncursed ring of see invisible {unknown}
 X - an uncursed amulet of conservation {unknown}
Potions
 f - a potion of invisibility
 u - a potion of curing
 J - 2 potions of agility
 K - a potion of haste
 O - a potion of paralysis
Books
 z - a book of Changes

   Spells                             Type                      Level
   Beastly Appendage                  Transmutation                1
   Sticks to Snakes                   Transmutation                2
   Spider Form                        Transmutation/Poison         3
   Ice Form                           Ice/Transmutation            4
   Blade Hands                        Transmutation                5
 M - a book of Conjurations

   Spells                             Type                      Level
   Magic Dart                         Conjuration                  1
   Searing Ray                        Conjuration                  2
   Dazzling Spray                     Conjuration/Hexes            3
   Fulminant Prism                    Conjuration/Hexes            4
   Iskenderun's Mystic Blast          Conjuration                  4
   Iskenderun's Battlesphere          Conjuration/Charms           5
Miscellaneous
 a - a lantern of shadows


   Skills:
 + Level 11.7 Fighting
 + Level 15.2 Maces & Flails
 + Level 11.6 Armour
 + Level 7.2 Dodging
 + Level 1.6 Stealth
   Level 7.9 Shields


You had 11 spell levels left.
You didn't know any spells.

Dungeon Overview and Level Annotations

Branches:
Dungeon (8/15)             Temple (0/1) D:4            Lair (3/8) D:8
  Swamp: Lair:3-6    Shoals: Lair:3-6     Snake: Lair:3-6    Spider: Lair:3-6

Altars:
Dithmenos
Makhleb
Okawaru
Yredelemnul


Innate Abilities, Weirdness & Mutations

You reflexively headbutt those who attack you in melee.
You have a pair of horns on your head.
Your flesh is heat resistant.


Message History

You are too injured to fight recklessly!
Drink which item? (? for menu, Esc to quit)
Okay, then.
Unknown command.
Unknown command.
Unknown command.
Unknown command.
Unknown command.
A frost giant is nearby!
A frost giant is nearby!
A frost giant is nearby!
A frost giant is nearby!
Blink to where?
Press: ? - help, Dir - move target cursor
As you read the scroll of blinking, it crumbles to dust.
The frost giant gestures at you while chanting.
The bolt of cold misses you.
The frost giant gestures at you while chanting.
The bolt of cold hits you!
You die...

## #### ####...##
#######....###
####....#...###
##%..##....### ### #
#..######### ######.##
## ##.%.###
##...#.#.### .#
##....## #.⌠..C###C.#
###
##....#####.#.###.%###
..##
###..@..#####..##..U#
#..#
##.....####C.###..U#
##.# ###...C#...##
U.U. ..## ###....###
...# %## #..##### .###
## ##.# .$ # ### #:


You could see a frost giant.

Vanquished Creatures
  The ghost of timbw the Bludgeoner, a powerful OgHu of Makhleb (Lair:2)
  A hydra (Lair:2)
  A death yak (IceCv)
  An ice statue (IceCv)
  Pikel (D:6)
  A black mamba (Lair:1)
  3 spiny frogs (Lair:1)
  Grinder (D:6)
  16 polar bears (IceCv)
  A basilisk (Lair:2)
  A shark (Lair:1)
  21 yaks
  Eustachio (D:6)
  A wyvern (D:8)
  A hippogriff (Lair:3)
  A hungry ghost (D:8)
  29 wolves
  Edmund (D:7)
  8 swamp worms (Lair:2)
  3 water moccasins
  2 porcupines (Lair:1)
  2 orc warriors
  A black bear (Lair:1)
  A giant goldfish (Lair:1)
  A phantom (D:7)
  A slave (D:6)
  A centaur (D:6)
  6 ice beasts
  2 ogres
  4 crocodiles
  7 giant slugs
  6 giant frogs
  2 scorpions (D:8)
  3 wights (D:7)
  An electric eel (Lair:1)
  4 crimson imps
  3 orc priests
  A jelly (D:7)
  Crazy Yiuf (D:3)
  2 hounds
  5 iguanas
  5 orc wizards
  Natasha (thrice) (D:6)
  7 worker ants
  Ijyb (D:7)
  8 gnolls
  13 adders
  A giant mite (Lair:3)
  22 green rats
  12 worms
  3 giant geckos
  An ooze (D:5)
  21 orcs
  9 bats
  2 giant cockroaches
  9 goblins
  8 hobgoblins
  20 jackals
  8 quokkas
  A ball python (D:3)
  A giant gecko skeleton (D:5)
  3 giant newts
  8 kobolds
  3 orc skeletons
  4 rats
  A rat skeleton (D:7)
  4 ballistomycetes (D:8)
  2 plants
330 creatures vanquished.

Vanquished Creatures (others)
  A polar bear (IceCv)
  An orc warrior (D:8)
  A giant frog (D:8)
  An iguana skeleton (D:6)
  3 orcs
  A giant spore (D:8)
  2 plants (Lair:2)
10 creatures vanquished.

Grand Total: 340 creatures vanquished

Notes
Turn   | Place    | Note
--------------------------------------------------------------
     0 | D:1      | aphidlicker, the Minotaur Fighter, began the quest for the Orb.
     0 | D:1      | Reached XP level 1. HP: 19/19 MP: 1/1
   301 | D:1      | Reached XP level 2. HP: 27/27 MP: 1/1
   309 | D:1      | Reached skill level 4 in Shields
   685 | D:2      | Reached XP level 3. HP: 24/33 MP: 2/2
   750 | D:2      | Reached XP level 4. HP: 20/41 MP: 2/2
   940 | D:2      | Found a shadowy altar of Dithmenos.
  1192 | D:3      | Reached skill level 1 in Dodging
  1231 | D:3      | Found a burning altar of Makhleb.
  1240 | D:3      | Reached XP level 5. HP: 47/47 MP: 2/2
  1248 | D:3      | Became a worshipper of Makhleb the Destroyer
  1541 | D:3      | Noticed Crazy Yiuf
  1548 | D:3      | Killed Crazy Yiuf
  1548 | D:3      | Reached skill level 5 in Fighting
  1778 | D:4      | Reached skill level 5 in Shields
  1878 | D:4      | Reached skill level 5 in Armour
  2031 | D:4      | Reached XP level 6. HP: 56/56 MP: 3/3
  2042 | D:4      | Got an ancient ring mail
  2270 | D:4      | Found a staircase to the Ecumenical Temple.
  2418 | D:5      | Entered Level 5 of the Dungeon
  2551 | D:5      | Acquired Makhleb's first power
  2720 | D:5      | Reached XP level 7. HP: 61/61 MP: 3/3
  3050 | D:6      | Noticed Grinder
  3053 | D:6      | Paralysed by Grinder for 3 turns
  3069 | D:6      | Killed Grinder
  3069 | D:6      | Reached skill level 5 in Maces & Flails
  3069 | D:6      | Reached skill level 6 in Shields
  3162 | D:6      | Noticed Pikel
  3180 | D:6      | Killed Pikel
  3180 | D:6      | Reached skill level 7 in Shields
  3180 | D:6      | Reached XP level 8. HP: 65/70 MP: 3/3
  3223 | D:6      | Found a basalt altar of Yredelemnul.
  3283 | D:6      | Noticed Eustachio
  3289 | D:6      | Killed Eustachio
  3372 | D:6      | Noticed Natasha
  3376 | D:6      | Killed Natasha
  3583 | D:6      | Noticed Natasha
  3589 | D:6      | Killed Natasha
  3950 | D:6      | Noticed Natasha
  3954 | D:6      | Killed Natasha
  4065 | D:7      | Identified the cursed -3 ring mail of Guow {Acc+4} (You found it on level 4 of the Dungeon)
  4112 | D:7      | Identified a scroll of acquirement
  4263 | D:7      | Noticed Edmund
  4272 | D:7      | Killed Edmund
  4272 | D:7      | Reached XP level 9. HP: 72/78 MP: 4/4
  4392 | D:7      | Noticed Ijyb
  4396 | D:7      | Killed Ijyb
  4695 | D:7      | Reached skill level 8 in Maces & Flails
  4772 | D:8      | Found an iron altar of Okawaru.
  4795 | D:8      | Reached skill level 1 in Stealth
  4797 | D:8      | Acquired Makhleb's second power
  4926 | D:8      | Found a staircase to the Lair.
  4942 | D:8      | Reached skill level 9 in Maces & Flails
  5234 | Lair:1   | Entered Level 1 of the Lair of Beasts
  5325 | Lair:1   | Reached skill level 5 in Dodging
  5505 | Lair:1   | Reached skill level 10 in Maces & Flails
  5532 | Lair:1   | Noticed a spiny frog
  5537 | Lair:1   | Killed a spiny frog
  5537 | Lair:1   | Reached XP level 10. HP: 88/90 MP: 4/4
  5551 | Lair:1   | Acquired Makhleb's third power
  5639 | Lair:1   | Noticed a spiny frog
  5645 | Lair:1   | Killed a spiny frog
  5876 | Lair:1   | Noticed a black mamba
  5881 | Lair:1   | Killed a black mamba
  5881 | Lair:1   | Reached skill level 11 in Maces & Flails
  6402 | Lair:2   | Acquired Makhleb's fourth power
  6404 | Lair:2   | Reached skill level 12 in Maces & Flails
  6539 | Lair:2   | Reached skill level 10 in Armour
  6539 | Lair:2   | Reached XP level 11. HP: 99/99 MP: 4/4
  6543 | Lair:2   | Reached skill level 10 in Fighting
  6608 | Lair:2   | Noticed timbw's ghost (powerful OgHu)
  6615 | Lair:2   | Killed timbw's ghost
  6701 | Lair:2   | Noticed an eight-headed hydra
  7328 | Lair:2   | Killed an eight-headed hydra
  7328 | Lair:2   | Reached skill level 13 in Maces & Flails
  7586 | Lair:3   | Found a frozen archway.
  7592 | IceCv    | Entered an ice cave
  7674 | IceCv    | Acquired Makhleb's fifth power
  7773 | IceCv    | Reached skill level 14 in Maces & Flails
  7826 | IceCv    | Reached XP level 12. HP: 110/110 MP: 5/5
  7875 | IceCv    | Noticed an ice statue
  7916 | IceCv    | Gained mutation: You are frail (-10% HP). [potion of mutation]
  7916 | IceCv    | Gained mutation: You have a fast metabolism. [potion of mutation]
  7916 | IceCv    | Gained mutation: You have a very fast metabolism. [potion of mutation]
  7921 | IceCv    | Lost mutation: You have a very fast metabolism. [potion of cure mutation]
  7921 | IceCv    | Lost mutation: You have a fast metabolism. [potion of cure mutation]
  7921 | IceCv    | Lost mutation: You are frail (-10% HP). [potion of cure mutation]
  7927 | IceCv    | Gained mutation: Your flesh is heat resistant. [potion of beneficial mutation]
  7929 | IceCv    | Paralysed by a potion of paralysis for 2 turns
  7946 | IceCv    | Killed an ice statue
  7996 | IceCv    | Noticed a death yak
  8002 | IceCv    | Killed a death yak
  8013 | IceCv    | Reached skill level 15 in Maces & Flails
  8059 | IceCv    | Noticed a frost giant
  8088 | IceCv    | HP: 4/111 [frost giant/battleaxe of freezing (6)]
  8105 | IceCv    | Killed from afar by a frost giant

Action                   |  1- 3 |  4- 6 |  7- 9 | 10-12 || total
-------------------------+-------+-------+-------+-------++-------
Melee: Flail             |    49 |   133 |    71 |       ||   253
       Great mace        |       |       |   126 |   397 ||   523
  Use: Scroll            |       |     8 |     8 |     4 ||    20
       Potion            |       |       |       |    19 ||    19
